 Dungeon Crawl Stone Soup version 0.22.1 (webtiles) character file.

280 Ghost6211 the Chiller (level 6, -1/48 HPs)
             Began as a Draconian Ice Elementalist on Sept 17, 2018.
             Slain by an ice beast (7 damage)
             ... on level 4 of the Dungeon.
             The game lasted 00:09:32 (3181 turns).

Ghost6211 the Chiller (Draconian Ice Elementalist)  Turns: 3181, Time: 00:09:33

Health: -1/48      AC:  6    Str: 10    XL:     6   Next: 5%
Magic:  7/10       EV: 15    Int: 18    God:
Gold:   165        SH:  0    Dex: 11    Spells: 1/11 levels left

rFire    . . .     SeeInvis .   k - +1 dagger (venom)
rCold    . . .     Gourm    .   (no shield)
rNeg     . . .     Faith    .   (armour unavailable)
rPois    .         Spirit   .   (helmet restricted)
rElec    .         Reflect  .   (no cloak)
rCorr    .         Harm     .   (no gloves)
MR       .....                  (no boots)
Stlth    ++........             j - amulet of the acrobat
HPRegen  0.16/turn              h - +3 ring of evasion
MPRegen  0.12/turn              (no ring)

@: slowed, very slow
A: unfitting armour, cold-blooded, AC +6
a: no special abilities


You were on level 4 of the Dungeon.
You were not hungry.

You visited 1 branch of the dungeon, and saw 4 of its levels.

You collected 165 gold pieces.

Inventory:

Hand Weapons
 k - a +1 dagger of venom (weapon)
Missiles
 i - 119 stones (quivered)
Jewellery
 h - a +3 ring of evasion (left hand)
 j - an amulet of the acrobat (around neck)
 u - an uncursed ring of protection from magic {unknown}
Wands
 t - a wand of digging (14)
Scrolls
 a - 2 scrolls of enchant weapon {unknown}
 c - 4 scrolls of enchant armour {unknown}
 e - 6 scrolls of remove curse {unknown}
 g - a scroll of immolation {unknown}
 l - a scroll of fog {unknown}
 n - a scroll of amnesia {unknown}
 q - a scroll of random uselessness {unknown}
 r - a scroll of blinking {unknown}
Potions
 d - 2 potions of heal wounds {unknown}
 f - 2 potions of cancellation {unknown}
 m - 3 potions of degeneration {unknown}
 o - a potion of ambrosia {unknown}
 p - a potion of might {unknown}
 s - a potion of berserk rage {unknown}
Comestibles
 b - 4 rations


   Skills:
 + Level 1.9 Fighting
 + Level 1.6 Short Blades
 + Level 2.5 Dodging
 - Level 1.7 Stealth
 + Level 3.0 Spellcasting
 + Level 2.3 Conjurations
 * Level 4.7 Ice Magic


You had one spell level left.
You knew the following spells:

 Your Spells              Type           Power        Failure   Level  Hunger
a - Freeze                Ice            ###.         2%          1    None
b - Throw Frost           Conj/Ice       ###...       6%          2    ##.....
c - Ozocubu's Armour      Chrm/Ice       ##......     19%         3    ###....
d - Throw Icicle          Conj/Ice       ###.....     36%         4    ####...

Your spell library contained the following spells:

 Spells                   Type           Power        Failure   Level  Hunger
 Summon Ice Beast         Ice/Summ       ##......     52%         4    ####...


Dungeon Overview and Level Annotations

Branches:
Dungeon (4/15)
 Temple: D:4-7

Altars:
Makhleb


Innate Abilities, Weirdness & Mutations

Your plain brown scales are hard. (AC +6)
You cannot fit into any form of body armour.
You are cold-blooded and may be slowed by cold attacks.


Message History

Confirm with . or Enter, or press ? or * to list all spells.
You can't see any susceptible monsters within range! (Use Z to cast anyway.)
Casting: Freeze (safe; 2% risk of failure)
Confirm with . or Enter, or press ? or * to list all spells.
Aiming: Freeze (safe; 2% risk of failure)
Press: ? - help, Shift-Dir - straight line, f/p - ice beast
Aim: an ice beast You freeze the ice beast.
The ice beast completely resists.
The ice beast barely misses you.
You hit the ice beast but do no damage. The ice beast barely misses you.
You closely miss the ice beast. The ice beast closely misses you.
You hit the ice beast but do no damage.
The ice beast is poisoned.
Your tail-slap misses the ice beast.
The ice beast hits you. The ice beast freezes you!
You feel yourself slow down.
* * * LOW HITPOINT WARNING * * *
You completely miss the ice beast. The ice beast hits you.
* * * LOW HITPOINT WARNING * * *
The ice beast freezes you!
You feel as though you will be slow longer.
You die...

.. ##.#
.######..#
.........#
#......<#
#####..(#
##.)########
##.....#...##
#.....@Y....#
.......#######.##
######## #..#
##†# #..# #..#
#..# #... #...


You could see an ice beast.

Vanquished Creatures
  Terence (D:3)
  Jessica (D:3)
  Robin (D:3)
  A howler monkey skeleton (D:3)
  4 gnolls (D:2)
  6 adders
  4 oozes
  3 worms
  2 dart slugs (D:1)
  A leopard gecko (D:1)
  An orc (D:4)
  8 giant cockroaches
  11 goblins
  12 hobgoblins
  8 kobolds
  A quokka (D:3)
  2 ball pythons
  7 bats
  4 frilled lizards
  10 rats
88 creatures vanquished.

Notes
Turn   | Place    | Note
-------+----------+-------------------------------------------
     0 | D:1      | Ghost6211 the Draconian Ice Elementalist began the quest
                  | for the Orb.
     0 | D:1      | Reached XP level 1. HP: 14/14 MP: 3/3
   442 | D:1      | Reached XP level 2. HP: 20/20 MP: 0/5
   446 | D:1      | Learned a level 2 spell: Throw Frost
   883 | D:1      | Reached XP level 3. HP: 26/26 MP: 0/6
  1523 | D:2      | Reached skill level 4 in Ice Magic
  1523 | D:2      | Reached XP level 4. HP: 27/34 MP: 0/7
  1620 | D:2      | Reached skill level 1 in Fighting
  1690 | D:2      | Learned a level 3 spell: Ozocubu's Armour
  1781 | D:2      | Found a burning altar of Makhleb.
  1798 | D:2      | Reached skill level 1 in Short Blades
  2169 | D:3      | Noticed Terence
  2178 | D:3      | Reached XP level 5. HP: 40/40 MP: 2/9
  2187 | D:3      | Killed Terence
  2518 | D:3      | Noticed Jessica
  2523 | D:3      | Killed Jessica
  2764 | D:3      | Noticed Robin
  2777 | D:3      | Killed Robin
  2817 | D:3      | Reached XP level 6. HP: 47/48 MP: 1/10
  3108 | D:3      | Learned a level 4 spell: Throw Icicle
  3154 | D:4      | Noticed an ice beast
  3181 | D:4      | Slain by an ice beast

Skill      XL: |  1  2  3  4  5 |
---------------+----------------+-----
Dodging        | 2 |  2.5
Ice Magic      | 4 |  4.7
Fighting       | 1 |  1.9
Short Blades   | 1 |  1.6
Conjurations   | 2 |  2.3
Spellcasting   | 3 |  3.0
Stealth        | |  1.7

Action                   |  1- 3 |  4- 6 || total
-------------------------+-------+-------++-------
Melee: Unarmed           |    35 |       ||    35
       Tailslap          |     5 |    12 ||    17
       Dagger            |    20 |   138 ||   158
 Cast: Freeze            |    20 |    18 ||    38
       Throw Frost       |    12 |    42 ||    54
  Use: Scroll            |     2 |       ||     2
  Eat: Chunk             |     1 |       ||     1
       Ration            |       |     3 ||     3
Armor: Skin              |    17 |    26 ||    43
Dodge: Dodged            |    32 |   116 ||   148
